 Dungeon Crawl Stone Soup version 0.25-a0-59-gf342c8b036 (webtiles) character file.

Game seed: 15827059520743016922, levelgen mode: deterministic

27 Briareos the Firebug (level 2, -1/20 HPs)
             Began as a Draconian Fire Elementalist on Oct 28, 2019.
             Slain by Terence
             ... wielding a +0 flail
              (7 damage)
             ... on level 2 of the Dungeon.
             The game lasted 00:07:14 (1359 turns).

Briareos the Firebug (Draconian Fire Elementalist)  Turns: 1359, Time: 00:07:14

Health: -1/20      AC:  5    Str:  9 (10) XL:     2   Next: 93%
Magic:  1/5        EV: 12    Int: 12 (15) God:
Gold:   156        SH:  0    Dex:  8 (11) Spells: 2/5 levels left

rFire    . . .     SeeInvis .   a - +1 dagger (pain)
rCold    . . .     Gourm    .   (no shield)
rNeg     . . .     Faith    .   (armour unavailable)
rPois    .         Spirit   .   (helmet restricted)
rElec    .         Reflect  .   (no cloak)
rCorr    .         Harm     .   o - +0 pair of gloves
MR       .....                  (no boots)
Stlth    ++........             (no amulet)
HPRegen  0.06/turn              (no ring)
MPRegen  0.09/turn              (no ring)

@: no status effects
A: unfitting armour, cold-blooded, AC +4
a: no special abilities


You were on level 2 of the Dungeon.
You were not hungry.

You visited 1 branch of the dungeon, and saw 2 of its levels.

You collected 156 gold pieces.

Inventory:

Hand Weapons
 a - a +1 dagger of pain (weapon)
 f - a +0 spear
 g - a +0 club
 j - a +0 dagger
 l - a +0 dagger
Missiles
 e - 71 stones (quivered)
Armour
 c - a +0 helmet
 k - a +0 cloak
 n - a cursed +0 robe
 o - a +0 pair of gloves (worn)
Scrolls
 m - a scroll of magic mapping {unknown}
Potions
 d - a potion of flight
Comestibles
 b - a ration


   Skills:
 + Level 2.2 Dodging
 + Level 1.9 Stealth
 + Level 2.4 Spellcasting
 + Level 1.0 Conjurations
 + Level 3.3 Fire Magic


You had 2 spell levels left.
You knew the following spells:

 Your Spells              Type           Power        Failure   Level  Hunger
a - Flame Tongue          Conj/Fire      #....        11%         1    ##.....
b - Throw Flame           Conj/Fire      #.....       16%         2    ###....

Your spell library contained the following spells:

 Spells                   Type           Power        Failure   Level  Hunger
 Conjure Flame            Conj/Fire      #.......     32%         3    ####...
 Inner Flame              Hex/Fire       #.......     36%         3    ####...
 Sticky Flame             Conj/Fire      #.......     71%         4    #####..
 Fireball                 Conj/Fire      #.........   96%         5    ######.


Dungeon Overview and Level Annotations

Branches:
Dungeon (2/15)

Altars:

Annotations:
D:2 Terence


Innate Abilities, Weirdness & Mutations

Your plain brown scales are hard. (AC +4)
You cannot fit into any form of body armour.
You are cold-blooded and may be slowed by cold attacks.


Message History

You hit Terence.
Terence is moderately wounded.
Terence hits you with a +0 flail.
You hit Terence but do no damage.
Terence is moderately wounded.
Terence hits you but does no damage.
You hit Terence.
Terence is moderately wounded.
You hit Terence but do no damage.
You tail-slap Terence, but do no damage.
Terence is moderately wounded.
Terence hits you with a +0 flail.
* * * LOW HITPOINT WARNING * * *
You hit Terence. You tail-slap Terence.
Terence is heavily wounded.
Terence barely misses you.
You hit Terence but do no damage.
Terence is heavily wounded.
Terence hits you with a +0 flail!
You die...

#.#...........#
#.............#
............<.#
..............#
#.............#
#.............#
#......?......#
#............@#
#............@#
..............#
....###########
.... ..# ##


You could see Terence.

Vanquished Creatures
  A leopard gecko (D:1)
  2 giant cockroaches (D:1)
  2 goblins (D:1)
  2 hobgoblins (D:1)
  4 jackals (D:1)
  3 kobolds (D:1)
  4 bats (D:1)
  3 frilled lizards (D:1)
  2 rats (D:1)
23 creatures vanquished.

Vanquished Creatures (others)
  6 toadstools (D:1)
6 creatures vanquished.

Grand Total: 29 creatures vanquished

Notes
Turn   | Place    | Note
-------+----------+-------------------------------------------
     0 | D:1      | Briareos the Draconian Fire Elementalist began the quest
                  | for the Orb.
     0 | D:1      | Reached XP level 1. HP: 14/14 MP: 3/3
   195 | D:1      | Reached XP level 2. HP: 20/20 MP: 0/5
   199 | D:1      | Learned a level 2 spell: Throw Flame
  1061 | D:2      | Noticed Terence
  1359 | D:2      | Slain by Terence

Levels and vault maps discovered:
D:1:      shiori_shiawase, layout_loops_ring, minmay_gold_behind_fungi,
          chequers_serial_rivers_large_b
D:2:      layout_rooms, first_ration, uniq_robin, uniq_terence

Skill      XL: |  1 |
---------------+----+-----
Dodging        | 2 |  2.2
Stealth        | |  1.9
Spellcasting   | |  2.4
Conjurations   | |  1.0
Fire Magic     | |  3.3

Action                   || total
-------------------------++-------
Melee: Dagger            ||    51
       Tailslap          ||     5
 Cast: Flame Tongue      ||    45
       Throw Flame       ||     2
  Use: Scroll            ||     6
       Potion            ||     1
  Eat: Ration            ||     1
       Chunk             ||     1
Armor: Skin              ||    12
Dodge: Dodged            ||    39

Table legend:
 A = Non-vault XP
 B = Vault XP
 C = Vault XP percentage of total XP
 D = Non-vault monster count
 E = Vault monster count
 F = Vault count percentage of total count
                 A         B        C        D         E       F
            +---------+---------+-------+---------+---------+-------
      Total |      39 |       0 |   0.0 |      23 |       0 |   0.0
            +---------+---------+-------+---------+---------+-------
        D:1 |      39 |       0 |   0.0 |      23 |       0 |   0.0
            +---------+---------+-------+---------+---------+-------
